 Dungeon Crawl Stone Soup version 0.30.1-11-g7821555f0a (webtiles) character file.

Game seed: 1365914398943904185

2958 monsoonserge the Carver (level 9, -8/106 HPs)
             Began as a Merfolk Monk on Oct 30, 2023.
             Was an Elder of Trog.
             Mangled by Joseph
             ... wielding a +6 quarterstaff
              (17 damage)
             ... on level 7 of the Dungeon.
             The game lasted 00:16:48 (5968 turns).

monsoonserge the Carver (Merfolk Monk)              Turns: 5968, Time: 00:16:49

Health: -8/106     AC: 10    Str: 12    XL:     9   Next: 81%
Magic:  9/9        EV: 15    Int:  9    God:    Trog [****..]
Gold:   402        SH:  0    Dex: 20    Spells: 8/8 levels left

rFire   . . .        z - +0 long sword
rCold   + . .        d - orb {light}
rNeg    + . .        E - +0 acid dragon scales
rPois   .            (no helmet)
rElec   .            (no cloak)
rCorr   +            (no gloves)
SInv    .            u - +2 pair of boots
Will    .....        (no amulet) Stlth
                     q - ring of protection from cold
HPRegen 0.37/turn    e - ring of positive energy
MPRegen 0.11/turn

%: no passive effects
@: berserking, glowing, very quick
A: (nimble swimmer 2), mertail
a: Renounce Religion, Berserk, Trog's Hand, Brothers in Arms


You were on level 7 of the Dungeon.
You worshipped Trog.
Trog was greatly pleased with you.
You visited 1 branch of the dungeon, and saw 7 of its levels.

You collected 402 gold pieces.

Inventory:

Hand Weapons
 z - a +0 long sword (weapon)
Missiles
 o - 30 poisoned darts (quivered)
 s - a throwing net
 F - 3 curare-tipped darts
Armour
 d - an orb of light (worn)
 u - a +2 pair of boots (worn)
 D - a +1 leather armour of cold resistance
 E - +0 acid dragon scales (worn)
Jewellery
 e - a ring of positive energy (right hand)
 q - a ring of protection from cold (left hand)
 A - an amulet of faith
Wands
 a - a wand of charming (21)
 l - a wand of iceblast (4)
 C - a wand of flame (10)
 H - a wand of digging (5)
Scrolls
 f - a scroll of immolation
 g - 4 scrolls of teleportation {unknown}
 j - 2 scrolls of brand weapon {unknown}
 k - a scroll of enchant weapon {unknown}
 r - 6 scrolls of identify {unknown}
 v - a scroll of magic mapping {unknown}
 w - a scroll of noise {unknown}
 y - a scroll of summoning {unknown}
 G - a scroll of enchant armour {unknown}
 I - a scroll of vulnerability {unknown}
 J - a scroll of amnesia {unknown}
Potions
 b - 2 potions of resistance
 c - a potion of ambrosia
 h - a potion of lignification {unknown}
 i - 3 potions of curing
 m - a potion of mutation {unknown}
 n - a potion of flight {unknown}
 p - 3 potions of attraction {unknown}
 t - a potion of berserk rage {unknown}
 x - a potion of brilliance {unknown}
Miscellaneous
 B - a piece from Xom's chessboard (15/15)


   Skills:
 + Level 6.8 Fighting
 + Level 11.3 Long Blades
 + Level 3.2 Throwing
 + Level 3.6 Armour
 + Level 7.1 Dodging
 - Level 1.0 Stealth
 + Level 2.0 Evocations


You had 8 spell levels left.
You didn't know any spells.
Your spell library contained the following spells:

 Spells                   Type           Power      Damage    Failure   Level
 Magic Dart               Conj           0%         1d3       52%         1
 Shock                    Conj/Air       0%         1d3       52%         1
 Ensorcelled Hibernation  Hex/Ice        0%         N/A       65%         2
 Searing Ray              Conj           0%         2d4       65%         2
 Dazzling Flash           Conj/Hex       0%         N/A       87%         3
 Frozen Ramparts          Ice            0%         1d1       87%         3
 Inner Flame              Hex/Fire       0%         N/A       87%         3
 Portal Projectile        Hex/Tloc       0%         N/A       87%         3
 Spider Form              Tmut/Pois      0%         N/A       87%         3
 Swiftness                Air            0%         N/A       87%         3
 Tukima's Dance           Hex            0%         N/A       87%         3
 Volatile Blastmotes      Fire/Tloc      0%         2d10      87%         3
 Airstrike                Air            0%         2d(0-16)  99%         4
 Anguish                  Hex/Necr       0%         N/A       99%         4
 Flame Wave               Conj/Fire      0%         2d4       99%         4
 Fulminant Prism          Conj/Hex       0%         3d5       99%         4
 Ice Form                 Ice/Tmut       0%         N/A       99%         4
 Iskenderun's Mystic Bla  Conj/Tloc      0%         2d3       99%         4
 Sticky Flame             Conj/Fire      0%         2d3       99%         4
 Summon Ice Beast         Ice/Summ       0%         N/A       99%         4
 Blade Hands              Tmut           0%         N/A       100%        5
 Starburst                Conj/Fire      0%         6d3       100%        6


Dungeon Overview and Level Annotations

Branches:
Dungeon (7/15)             Temple (0/1) D:6

Altars:
Fedhas
Trog
Wu Jian
Xom
Zin

Annotations:
D:7 2 transporters, Joseph; kaesle's ghost, novice HOFi


Innate Abilities, Weirdness & Mutations

((You are very nimble when in or above water. (Stealth+, EV+, Speed+++)))
Your lower body shifts to a powerful aquatic tail in water.


Message History

You slash Joseph!
Joseph is moderately wounded.
Joseph completely misses you.
You slash Joseph!
Joseph is heavily wounded.
Joseph hits you with a +6 quarterstaff!!
You hit Joseph.
Joseph is heavily wounded.
Joseph barely misses you.
You hit Joseph but do no damage.
Joseph is heavily wounded.
Joseph hits you with a +6 quarterstaff.
You hit Joseph but do no damage.
Joseph is heavily wounded.
Joseph hits you with a +6 quarterstaff.
You hit Joseph.
Joseph is heavily wounded.
You slash Joseph!
Joseph is severely wounded.
Joseph closely misses you.
You slash Joseph!
Joseph is severely wounded.
Joseph hits you with a +6 quarterstaff!
* * * LOW HITPOINT WARNING * * *
Unknown command.
A red film seems to cover your vision as you go berserk!
You feel yourself moving faster!
You feel mighty! Joseph hits you with a +6 quarterstaff!
* * * LOW HITPOINT WARNING * * *
You barely miss Joseph.
Joseph is severely wounded.
Joseph sighs, "Being a guard is usually so boring..."
Joseph hits you with a +6 quarterstaff.
* * * LOW HITPOINT WARNING * * *
You hit Joseph.
Joseph is severely wounded.
You slash Joseph!
Joseph is almost dead.
Joseph hits you with a +6 quarterstaff!
You die...

#.# #... #.##.# #.## .##.##.#
#.# #.##.##.# #.# #.##.##.#
####.## #.##.##.# #......
#.##.##.# #.#####
#############.##.##.#######.#
#..............@@.#.........#
#.####>........#..#.....#####
#.# #..##..............#########
#.# #.@##.###.#.................
#.# #..##.# #...........########
#.# #..##.# #.##.##.#.#.########
#.# #..##.# #.##.##.#.#........#
#.# ##<.##.# #.##.##.#.........#
#.###.#.##.###.#.......#.#####.#


You could see Joseph.

Vanquished Creatures
  Maggie (D:6)
  Prince Ribbit (D:6)
  A wyvern (D:7)
  3 black bears
  3 water moccasins
  4 sky beasts
  2 ogres
  A phantom (D:5)
  2 kobold brigands (D:7)
  2 bullfrogs
  4 scorpions (D:5)
  4 hounds
  8 iguanas
  Ijyb (D:5)
  3 orc wizards
  11 adders
  2 shadow imps
  3 white imps (D:5)
  2 ufetubi
  2 worms
  2 dart slugs
  8 orcs
  11 endoplasms
  7 giant cockroaches
  7 hobgoblins
  6 jackals
  13 kobolds
  4 quokkas
  8 ball pythons
  8 bats
  2 frilled lizards (D:2)
  8 goblins
  3 rats
147 creatures vanquished.

Notes
Turn   | Place    | Note
-------+----------+-------------------------------------------
     0 | D:1      | monsoonserge the Merfolk Monk began the quest for the Orb.
     0 | D:1      | Reached XP level 1. HP: 18/18 MP: 1/1
    63 | D:1      | Found a faded altar of an unknown god.
    77 | D:1      | Reached XP level 2. HP: 17/24 MP: 2/2
    93 | D:1      | Reached skill level 4 in Long Blades
   181 | D:1      | Prayed at the altar of an unknown god.
   181 | D:1      | Became a worshipper of Trog the Wrathful
   181 | D:1      | Reached * piety under Trog
   181 | D:1      | Reached ** piety under Trog
   227 | D:1      | Reached XP level 3. HP: 27/30 MP: 3/3
   467 | D:1      | Reached *** piety under Trog
   715 | D:1      | Reached XP level 4. HP: 15/37 MP: 4/4
   843 | D:2      | Reached skill level 5 in Long Blades
  1035 | D:2      | Reached skill level 1 in Armour
  1551 | D:3      | Reached XP level 5. HP: 42/42 MP: 5/5
  1951 | D:4      | Reached **** piety under Trog
  2155 | D:4      | Noticed an ogre
  2161 | D:4      | Killed an ogre
  2162 | D:4      | Reached skill level 6 in Long Blades
  2162 | D:4      | Reached XP level 6. HP: 48/48 MP: 6/6
  2370 | D:4      | Found a bloodstained altar of Trog.
  2592 | D:5      | Entered Level 5 of the Dungeon
  2592 | D:5      | Noticed a black bear
  2626 | D:5      | Reached skill level 5 in Dodging
  2674 | D:5      | Noticed a black bear
  2804 | D:5      | Reached XP level 7. HP: 55/55 MP: 7/7
  2899 | D:5      | Reached skill level 7 in Long Blades
  3075 | D:5      | Reached skill level 5 in Fighting
  3159 | D:5      | Reached skill level 8 in Long Blades
  3188 | D:5      | Reached XP level 8. HP: 49/62 MP: 8/8
  3262 | D:5      | Reached skill level 1 in Throwing
  3362 | D:5      | Reached skill level 1 in Evocations
  3363 | D:5      | Noticed Ijyb
  3386 | D:5      | Killed Ijyb
  3805 | D:6      | Found a staircase to the Ecumenical Temple.
  3998 | D:6      | Reached skill level 9 in Long Blades
  3998 | D:6      | Reached skill level 1 in Stealth
  4007 | D:6      | Noticed Prince Ribbit
  4023 | D:6      | Noticed Maggie
  4536 | D:6      | Killed Prince Ribbit
  4537 | D:6      | Reached skill level 10 in Long Blades
  4537 | D:6      | Reached XP level 9. HP: 69/69 MP: 9/9
  4565 | D:6      | Killed Maggie
  5085 | D:7      | Noticed Joseph
  5181 | D:7      | Found a transporter.
  5199 | D:7      | Noticed a moth of wrath
  5199 | D:7      | Noticed kaesle's ghost (novice HOFi)
  5200 | D:7      | Found a bloodstained altar of Trog.
  5450 | D:7      | Reached skill level 11 in Long Blades
  5694 | D:7      | Found a transporter.
  5754 | D:7      | Found an ornate altar of the Wu Jian Council.
  5755 | D:7      | Found a glowing silver altar of Zin.
  5757 | D:7      | Found a blossoming altar of Fedhas.
  5758 | D:7      | Found a shimmering altar of Xom.
  5968 | D:7      | Mangled by Joseph

Illustrated notes

Levels and vault maps discovered:
D:1:      nzn_arrival_crosshair, layout_loops_cross,
          hellmonk_ecumenical_altar_blasted
D:2:      layout_loops_ring, minmay_pentomino_x2
D:3:      layout_rooms
D:4:      layout_loops_ring, mainiacjoe_overflow_alcove_1
D:5:      layout_basic, hellmonk_bongcloud_opening, minmay_increasing_density,
          uniq_ijyb
D:6:      layout_basic, minmay_temple_entry_from_below_a,
          nicolae_figureground_pulse, uniq_maggie, uniq_prince_ribbit1
D:7:      layout_loops_ring, chequers_temple_overflow_statue_of_worship,
          gammafunk_ghost_wrathful_warriors, uniq_joseph,
          uniq_crazy_yiuf_cottage

Skill      XL: |  1  2  3  4  5  6  7  8  9 |
---------------+----------------------------+-----
Long Blades    | 4 5 6 8 10 11 | 11.3
Armour         | 1 2 3 |  3.6
Fighting       | 4 5 6 |  6.8
Dodging        | 5 6 7 |  7.1
Throwing       | 1 3 |  3.2
Evocations     | 2 |  2.0
Stealth        | 1 |  1.0

Action                     |  1- 3 |  4- 6 |  7- 9 || total
---------------------------+-------+-------+-------++-------
  Melee: Falchion          |    92 |   135 |       ||   227
         Long sword        |       |    15 |   287 ||   302
  Throw: Dart              |       |       |    26 ||    26
 Invoke: Berserk           |       |     3 |     3 ||     6
         Trog's Hand       |       |       |     2 ||     2
 Armour: Leather armour    |    26 |    18 |    21 ||    65
         Ring mail         |       |    14 |    24 ||    38
         Acid dragon scale |       |       |    29 ||    29
  Dodge: Dodged            |    69 |   100 |   212 ||   381
